Map: Moondance

Players

darxon

  • Race: Zerg Zerg
  • League: Diamond
  • Spawn Location: 12:00

Mree - Winner!

  • Race: Terran Terran
  • League: Diamond
  • Spawn Location: 6:00

VOD

Have the link to the VOD?

Description

Time

  • Played on: Sept. 10, 2022, 11:10 p.m.
  • Length: 17:08
Show
View Real Time Build Order
Export as new Build Order

darxon Zerg 

Build Orders: Pool First, Ravager All-In 

Get SALT Encoding   

  12  0:00  Drone  
  13  0:12  Overlord  
  13  0:16  Drone  
  14  0:30  Drone x2  
  14  0:35  Drone  
  17  0:45  Drone  
  18  0:50  Spawning Pool  
  18  0:56  Drone  
  18  1:00  Extractor  
  17  1:07  Drone  
  18  1:18  Hatchery  
  17  1:37  Queen, Zergling x4  
  17  1:38  Zergling x2  
  22  1:53  Overlord  
  22  2:12  Drone  
  22  2:13  Queen, Drone  
  26  2:23  Drone  
  25  2:49  Drone  
  25  2:50  Drone x6  
  32  2:53  Metabolic Boost  
  31  2:59  Drone  
  31  3:03  Drone  
  33  3:09  Drone x2  
  33  3:10  Hatchery  
  33  3:11  Extractor  
  33  3:21  Roach Warren, Drone x2  
  33  3:23  Drone  
  33  3:25  Drone  
  36  3:29  Overlord  
  36  3:33  Overlord  
  36  3:37  Overlord  
  36  4:01  Roach x7  
  36  4:02  Roach  
  52  4:23  Ravager x2  
  52  4:24  Ravager  
  55  4:28  Queen  
  55  4:29  Zergling x2  
  55  4:30  Zergling x16  
  66  4:32  Overlord  
  66  4:37  Overlord  
  66  4:51  Ravager x2  
  68  4:53  Zergling x4  
  68  4:54  Zergling x8  
  74  5:18  Burrow  
  74  5:25  Roach  
  74  5:26  Roach x3  
  72  5:54  Zergling x2  
  72  5:55  Zergling x16  
  76  6:04  Zergling x2  
  65  6:09  Drone x3  
  59  6:14  Evolution Chamber  
  59  6:16  Evolution Chamber  
  59  6:17  Lair, Baneling Nest  
  48  6:38  Zergling x2  
  48  6:39  Zergling x18  
  58  6:41  Zergling x2  
  58  6:42  Zergling x2  
  58  6:43  Zergling x4  
  58  6:46  Zerg Ground Armor Level 1, Zerg Melee Weapons Level 1  
  62  6:57  Zergling x2  
  63  7:07  Zergling x2  
  63  7:08  Zergling x2  
  65  7:11  Baneling x6  
  65  7:12  Baneling  
  63  7:22  Drone x2  
  64  7:23  Drone x7  
  64  7:28  Zergling x6  
  74  7:31  Extractor, Overlord x3  
  74  7:33  Drone  
  74  7:34  Hatchery  
  73  7:38  Drone  
  74  7:55  Zergling x4  
  74  7:57  Drone x3  
  79  8:01  Spire, Drone x3  
  78  8:09  Zergling x6  
  72  8:14  Zergling x4  
  72  8:15  Zergling x2, Centrifugal Hooks  
  75  8:23  Zergling x6  
  75  8:24  Zergling x8  
  82  8:32  Baneling x5  
  82  8:34  Drone x4  
  82  8:37  Zergling x6  
  82  8:39  Queen  
  91  8:42  Zergling x4  
  93  9:15  Mutalisk x3  
  99  9:17  Drone x5  
  99  9:20  Overlord, Extractor  
  99  9:21  Overlord x2  
  103  9:25  Zerg Melee Weapons Level 2  
  103  9:38  Spore Crawler  
  103  9:41  Mutalisk  
  103  10:02  Drone x3  
  103  10:06  Mutalisk x2  
  106  10:13  Drone x3  
  106  10:14  Drone  
  92  10:23  Hatchery  
  84  10:29  Mutalisk x2  
  84  10:32  Zergling x18  
  97  10:35  Zergling x2  
  97  10:36  Zergling x10  
  97  10:38  Extractor  
  97  10:40  Extractor  
  97  10:52  Mutalisk x2  
  97  10:53  Mutalisk  
  97  10:54  Zergling x6  
  97  10:55  Zergling x6  
  102  11:01  Drone x3, Extractor  
  102  11:02  Drone  
  102  11:03  Drone x3  
  108  11:09  Extractor  
  108  11:10  Drone x3  
  110  11:11  Infestation Pit  
  110  11:18  Zerg Flyer Armor Level 1  
  109  11:22  Drone x3  
  112  11:31  Drone x3  
  112  11:32  Drone x2  
  117  11:34  Queen x2  
  122  11:53  Zergling x14  
  127  12:07  Zergling x2  
  127  12:08  Zergling x8  
  123  12:09  Overlord x2  
  123  12:10  Overlord x2  
  112  12:17  Zergling x6  
  66  12:32  Mutalisk x5  
  66  12:33  Mutalisk x3  
  78  12:37  Baneling x3  
  78  12:38  Baneling x2  
  78  12:39  Baneling  
  78  12:41  Baneling x2  
  78  12:43  Baneling  
  60  12:44  Baneling  
  60  12:47  Mutalisk x2  
  61  13:04  Mutalisk x2  
  45  13:08  Zergling x6  
  48  13:14  Drone x2  
  50  13:26  Drone  
  50  13:27  Drone x3  
  53  13:34  Lair  
  53  13:40  Drone x2  
  55  13:47  Baneling x3  
  55  13:48  Baneling x3  
  55  13:54  Zerg Flyer Weapons Level 1  
  55  14:20  Hatchery  
  55  14:22  Queen  
  56  14:27  Zergling x8  
  61  14:31  Drone x3  
  63  14:41  Hive  
  42  15:02  Zergling x12  
  42  15:03  Zergling x2  
  44  15:08  Mutalisk  
  46  15:14  Mutalisk  
  48  15:26  Baneling x3  
  48  15:27  Baneling x3  
  45  15:34  Zergling x2  
  37  15:43  Zergling x6  
  29  15:50  Zergling x2  
  25  16:11  Drone  
  25  16:33  Drone x2  
Show
View Real Time Build Order
Export as new Build Order

Mree Terran - Winner!

Build Orders:  

Get SALT Encoding   

  12  0:00  SCV  
  13  0:12  SCV  
  14  0:18  Supply Depot  
  14  0:24  SCV  
  15  0:39  SCV  
  15  0:41  Barracks  
  16  0:51  SCV  
  17  1:04  SCV  
  18  1:08  Refinery  
  18  1:16  SCV  
  19  1:28  Orbital Command  
  19  1:34  Command Center  
  19  1:37  Marine  
  20  1:47  Supply Depot  
  20  1:54  SCV  
  21  2:06  SCV  
  22  2:12  Factory  
  22  2:18  SCV  
  23  2:24  Refinery  
  23  2:26  Marine  
  23  2:48  SCV  
  22  2:53  Orbital Command  
  22  2:54  Barracks Reactor  
  22  3:02  SCV, Starport  
  23  3:12  Barracks  
  23  3:14  SCV  
  23  3:15  Barracks  
  24  3:20  Factory Reactor  
  24  3:21  SCV  
  24  3:26  SCV  
  26  3:31  Marine x2  
  26  3:33  SCV  
  29  3:38  SCV  
  30  3:45  SCV  
  31  3:49  Marine x2  
  31  3:50  Starport Tech Lab, SCV  
  34  3:57  SCV, Barracks  
  34  4:00  Barracks Tech Lab  
  34  4:02  SCV  
  36  4:03  Barracks Tech Lab  
  36  4:07  Marine  
  36  4:09  SCV, Barracks  
  38  4:12  Supply Depot  
  38  4:14  SCV  
  39  4:19  Stimpack  
  39  4:21  SCV  
  39  4:23  Combat Shield  
  40  4:27  SCV  
  41  4:33  Medivac, SCV  
  41  4:34  Marine  
  45  4:38  Medivac  
  45  4:39  SCV  
  45  4:40  Marine  
  49  4:47  Supply Depot  
  49  4:48  Supply Depot  
  49  4:49  SCV  
  51  4:53  Barracks Reactor  
  51  4:56  SCV  
  51  4:58  Marine, Refinery  
  52  5:03  Marine  
  52  5:10  Marine x3  
  50  5:14  Siege Tank  
  50  5:19  Supply Depot  
  45  5:29  Supply Depot  
  45  5:30  Marine  
  44  5:38  Marine  
  44  5:39  Marine  
  46  5:46  Supply Depot  
  39  5:57  Marine  
  39  5:58  Marine x3  
  36  6:06  Marine  
  36  6:07  Marine  
  38  6:13  Marine  
  38  6:15  Marine  
  40  6:19  Marine  
  40  6:24  Marine x2  
  40  6:25  Marine  
  44  6:26  Marine  
  45  6:35  Marine  
  45  6:37  Marine x2  
  48  6:42  Marine x2  
  50  6:47  Marine  
  50  6:54  Orbital Command  
  51  7:00  Supply Depot, SCV  
  51  7:01  Engineering Bay, Marine x4  
  56  7:09  Marine x2  
  56  7:10  Marine  
  59  7:18  SCV  
  59  7:19  Marine, SCV  
  62  7:23  Marine  
  62  7:28  Terran Infantry Weapons Level 1  
  63  7:30  Medivac  
  65  7:37  SCV x2  
  65  7:39  Marine  
  65  7:40  Marine  
  65  7:43  Marine  
  70  7:48  Supply Depot  
  70  8:07  Marine x2, SCV  
  70  8:08  Marine x2  
  70  8:09  Marine x2, SCV  
  70  8:11  Marine  
  73  8:17  Liberator  
  73  8:19  SCV  
  77  8:21  SCV  
  77  8:24  Supply Depot  
  78  8:40  Refinery  
  78  8:45  Marine x3, Medivac, SCV x2  
  85  8:48  Supply Depot  
  85  8:54  Supply Depot  
  85  8:57  SCV  
  85  8:59  Widow Mine  
  85  9:00  Supply Depot, Medivac  
  90  9:03  Marine x4  
  93  9:21  Barracks Tech Lab  
  93  9:22  Marine, Marauder  
  96  9:25  SCV  
  96  9:28  SCV  
  96  9:30  Factory  
  98  9:37  SCV  
  99  9:42  SCV  
  100  9:48  Marine x2, Marauder  
  100  9:49  SCV  
  105  9:54  SCV  
  106  10:02  Marine, Marauder  
  109  10:19  Marine, Marauder  
  98  10:27  Marine x4  
  98  10:28  Marauder  
  89  10:34  Factory Reactor  
  89  10:35  Widow Mine  
  83  10:36  Marine  
  83  10:40  Marine  
  85  10:45  Marine x4  
  85  10:49  Marauder  
  91  10:54  Marine  
  86  10:58  Marauder  
  86  11:03  Marine x4  
  89  11:05  Armory  
  89  11:07  Missile Turret, Widow Mine  
  91  11:12  Widow Mine x2  
  91  11:14  Marine, Marauder  
  98  11:19  Marine  
  98  11:21  Marine x3, Marauder  
  104  11:28  Supply Depot  
  104  11:29  Widow Mine  
  104  11:31  Marine  
  107  11:33  Widow Mine x2  
  107  11:36  Terran Infantry Armor Level 1  
  111  11:42  Marine, Marauder  
  111  11:47  Marauder  
  111  11:50  Marine, Widow Mine  
  95  11:54  Widow Mine  
  90  12:12  Marine, Marauder  
  87  12:28  Marauder  
  76  12:47  Marauder  
  78  12:54  Marine  
  79  13:00  Marine  
  57  13:08  Orbital Command, Marine  
  52  13:17  Marine  
  53  13:23  Marine  
  54  13:33  SCV  
  55  13:39  Marine  
  56  13:43  SCV  
  56  13:44  Marine  
  58  13:49  SCV  
  58  13:51  Marine  
  58  13:53  Marine  
  58  13:55  SCV  
  62  13:58  Widow Mine  
  62  13:59  Marine  
  62  14:01  Marine, SCV  
  67  14:03  Marine  
  67  14:05  Marine  
  67  14:07  Marine  
  70  14:10  Marine  
  70  14:11  SCV  
  72  14:18  Marine, SCV  
  72  14:19  Marauder  
  76  14:28  Marine x5  
  76  14:30  SCV  
  76  14:31  SCV  
  83  14:36  Marine  
  84  14:40  Marine  
  84  14:42  SCV  
  86  14:45  Marine  
  86  14:46  Marauder  
  86  14:51  Marine x2, Marauder  
  81  14:54  Marine  
  81  14:58  Marine  
  80  15:03  Marine  
  81  15:08  Marauder  
  81  15:09  Marine x2  
  81  15:12  Marine  
  81  15:13  Marauder  
  88  15:21  Marine  
  88  15:22  Marauder  
  88  15:27  Marine x2  
  93  15:32  Marine, Marauder  
  93  15:34  Marine  
  97  15:39  Marine  
  96  15:43  Marauder  
  92  15:52  Marauder  
  92  15:53  Marauder  
  90  15:59  Marine x2  
  88  16:04  Marauder  
  90  16:14  Marine, Marauder  
  93  16:30  Marine x4, Marauder  
  94  16:40  SCV  
  94  16:45  Marine x2  
  96  16:52  SCV  
Tags
 
Matchup
TvZ
Opening
Pool First
Spawn Locations
Cross Positions
Add a new tag
Caveats
  • Supply blocks, unpowered buildings, or Contaminate may cause inaccurate times.
  • Supply counts are checked every 10 seconds.